 Dungeon Crawl Stone Soup version 0.24-a0-520-g8fd06ad0bc (webtiles) character file.

Game seed: 4251171222251439374

12173 Arthanis the Arsonist (level 11, -1/57 HPs)
             Began as a Deep Elf Fire Elementalist on July 27, 2019.
             Was a Priest of Vehumet.
             Killed from afar by a manticore (19 damage)
             ... with a volley of spikes
             ... on level 11 of the Dungeon.
             The game lasted 00:29:58 (8226 turns).

Arthanis the Arsonist (Deep Elf Fire Elementalist)  Turns: 8226, Time: 00:29:59

Health: -1/57      AC:  7    Str: 10    XL:     11   Next: 59%
Magic:  3/27       EV: 14    Int: 24    God:    Vehumet [***...]
Gold:   533        SH:  0    Dex: 15    Spells: 9/30 levels left

rFire    . . .     SeeInvis +   C - +0 long sword
rCold    . . .     Gourm    .   (no shield)
rNeg     . . .     Faith    .   M - +0 troll leather armour
rPois    .         Spirit   .   f - +2 hat {SInv}
rElec    .         Reflect  .   E - scarf {cloud immunity}
rCorr    .         Harm     .   (no gloves)
MR       +....                  H - +0 pair of boots
Stlth    ++........             (no amulet)
HPRegen  0.59/turn              K - ring of flight
MPRegen  0.20/turn              k - +5 ring of strength

@: barbed spikes, studying Dodging
A: no striking features
a: Renounce Religion, Evoke Flight


You were on level 11 of the Dungeon.
You worshipped Vehumet.
Vehumet was most pleased with you.
You were not hungry.

You visited 2 branches of the dungeon, and saw 12 of its levels.

You collected 533 gold pieces.

Inventory:

Hand Weapons
 g - a +0 short sword
 l - a +0 spear
 y - a +0 rapier
 C - a +0 long sword (weapon)
 I - a +1 halberd
Armour
 a - a +0 robe
 f - a +2 hat of see invisible (worn)
 z - a +3 leather armour of magic resistance
 E - a scarf of cloud immunity (worn)
 H - a +0 pair of boots (worn)
 M - a +0 troll leather armour (worn)
Magical Staves
 J - an uncursed staff of earth
Jewellery
 k - a +5 ring of strength (right hand)
 w - an uncursed ring of positive energy
 K - a ring of flight (left hand)
 L - an uncursed ring of ice
Wands
 b - a wand of acid (3)
 n - a wand of flame (23)
 A - a wand of disintegration (1)
 B - a wand of polymorph (8)
 O - a wand of iceblast (9)
Scrolls
 e - 7 scrolls of fog
 h - 2 scrolls of remove curse
 o - 2 scrolls of immolation {unknown}
 p - 2 scrolls of magic mapping {unknown}
 q - 2 scrolls of blinking {unknown}
 r - 3 scrolls of enchant weapon {unknown}
 s - 2 scrolls of amnesia
 t - 6 scrolls of teleportation
 u - 5 scrolls of enchant armour {unknown}
 x - a scroll of fear {unknown}
 N - a scroll of random uselessness {unknown}
Potions
 d - 4 potions of heal wounds
 i - 2 potions of berserk rage
 j - 3 potions of haste
 m - 2 potions of curing
 v - 2 potions of lignification
 G - a potion of ambrosia {unknown}
 P - a potion of cancellation {unknown}
Books
 F - a manual of Dodging
Comestibles
 c - 21 rations


   Skills:
 - Level 2.0 Fighting
 - Level 2.0 Armour
 + Level 5.1 Dodging
 - Level 3.0 Stealth
 + Level 10.3 Spellcasting
 * Level 11.7 Conjurations
 * Level 12.0 Fire Magic
 - Level 6.1 Evocations


You had 9 spell levels left.
You knew the following spells:

 Your Spells              Type           Power        Failure   Level  Hunger
a - Flame Tongue          Conj/Fire      #####        1%          1    None
b - Conjure Flame         Conj/Fire      ######..     1%          3    None
c - Sticky Flame          Conj/Fire      ######..     1%          4    #......
d - Fireball              Conj/Fire      ######....   1%          5    ####...
e - Throw Frost           Conj/Ice       #####.       1%          2    None
f - Magic Dart            Conj           ####         1%          1    None
g - Blink                 Tloc           N/A          10%         2    None
h - Mephitic Cloud        Conj/Pois/Air  ####....     1%          3    None

Your spell library contained the following spells:

 Spells                   Type           Power        Failure   Level  Hunger
 Ignite Poison            Fire/Tmut/Pois ####....     1%          3    None
 Throw Flame              Conj/Fire      ######       1%          2    None
 Inner Flame              Hex/Fire       #####...     1%          3    None
 Force Lance              Conj/Tloc      #####...     1%          4    #......
 Beastly Appendage        Tmut           ##....       7%          1    None
 Call Imp                 Summ           ##......     10%         2    None
 Slow                     Hex            ##......     10%         2    None
 Sticks to Snakes         Tmut           ##......     10%         2    None
 Gell's Gravitas          Tloc           ##........   21%         3    None
 Portal Projectile        Hex/Tloc       ##....       21%         3    None
 Spider Form              Tmut/Pois      ##........   21%         3    None
 Ice Form                 Ice/Tmut       ##......     54%         4    #......
 Blade Hands              Tmut           ##........   88%         5    ####...
 Dispersal                Tloc           ##........   100%        6    ######.
 Controlled Blink         Tloc           N/A          100%        8    #######
 Disjunction              Tloc           ##........   100%        8    #######


Dungeon Overview and Level Annotations

Branches:
Dungeon (11/15)            Temple (1/1) D:7            Lair (0/6) D:10
    Orc (0/2) D:9

Altars:
Cheibriados
Dithmenos
Elyvilon
Fedhas
Hepliaklqana
Kikubaaqudgha
Nemelex Xobeh
Qazlal
Ru
Sif Muna
Trog
Uskayaw
Vehumet
Wu Jian
Yredelemnul

Shops:
D:5 [   D:10 [

Annotations:
D:5 1 runed translucent door, OneStupidFool's ghost, novice DsEn


Message History

The manticore is moderately wounded.
The manticore flicks its tail.
The volley of spikes hits you!
The barbed spikes become lodged in your body.
* * * LOW HITPOINT WARNING * * *
Casting: Flame Tongue (safe; 1% risk of failure)
Confirm with . or Enter, or press ? or * to list all spells.
Aiming: Flame Tongue (safe; 1% risk of failure)
Press: ? - help, Shift-Dir - straight line, f/p - manticore
Aim: a manticore (moderately wounded)
The flame tongue misses the manticore.
There are monsters nearby!
Aiming: Disintegrate
Press: ? - help, Shift-Dir - straight line, f/p - manticore
Aim: a manticore (moderately wounded, chance to defeat MR: 72%)
The manticore is blasted!!
The manticore flicks its tail.
The volley of spikes hits you!!
The barbed spikes become lodged in your body.
You die...

.. ...# #
...(.#### .# ###
........##.#...#
#<........ .....
#@..H##.. ....#
#.####
.....###5#
...5.....#
.....(####
..#....# #.#†.##
#. #H(.# ..
#<#.#


You could see a manticore and a crimson imp.

Vanquished Creatures
  5 two-headed ogres
  Pikel (D:4)
  A cyclops (D:11)
  A gargoyle (D:10)
  2 orange demons (D:10)
  3 trolls
  A red devil (D:10)
  2 hippogriffs
  A wraith (D:10)
  A wyvern (D:8)
  5 yaks
  Eustachio (D:6)
  Grum (D:9)
  2 wargs (D:10)
  5 orc warriors
  2 black bears
  3 sky beasts
  3 slaves
  3 ice beasts
  3 ogres
  A necrophage (D:9)
  4 wolves (D:9)
  5 centaurs
  3 big kobolds
  Blork the orc (D:6)
  5 bullfrogs
  A scorpion (D:10)
  A water moccasin skeleton (D:7)
  2 howler monkeys
  A bullfrog zombie (D:9)
  A quasit (D:10)
  5 hounds
  A gnoll shaman (D:8)
  2 jellies
  7 orc priests
  A bullfrog skeleton (D:8)
  8 orc wizards
  A centaur skeleton (D:6)
  4 iron imps (D:10)
  10 worker ants
  A hound zombie (D:8)
  3 hound skeletons
  10 gnolls
  11 adders
  4 shadow imps
  An ooze (D:5)
  An adder zombie (D:5)
  8 worms
  3 dart slugs
  8 leopard geckos
  32 orcs
  7 giant cockroaches
  3 goblins
  12 hobgoblins
  12 jackals
  17 kobolds
  A ball python (D:1)
  8 bats
  2 frilled lizards (D:2)
  A jackal skeleton (D:6)
  A leopard gecko skeleton (D:7)
  A quokka zombie (D:7)
  11 rats
268 creatures vanquished.

Vanquished Creatures (others)
  A wraith (D:11)
1 creature vanquished.

Grand Total: 269 creatures vanquished

Notes
Turn   | Place    | Note
-------+----------+-------------------------------------------
     0 | D:1      | Arthanis the Deep Elf Fire Elementalist began the quest for
                  | the Orb.
     0 | D:1      | Reached XP level 1. HP: 10/10 MP: 6/6
    61 | D:1      | Reached XP level 2. HP: 11/15 MP: 0/8
   202 | D:1      | You fall into a shaft and drop 1 floor!
   330 | D:1      | Reached XP level 3. HP: 16/19 MP: 5/9
   335 | D:1      | Learned a level 3 spell: Conjure Flame
   840 | D:2      | Reached skill level 4 in Fire Magic
  1049 | D:2      | Noticed an ogre
  1084 | D:2      | Killed an ogre
  1084 | D:2      | Reached XP level 4. HP: 24/24 MP: 2/12
  1084 | D:2      | Reached XP level 5. HP: 28/28 MP: 2/13
  1097 | D:2      | Learned a level 4 spell: Sticky Flame
  1353 | D:2      | Found a faded altar of an unknown god.
  1373 | D:2      | Reached skill level 5 in Fire Magic
  1907 | D:3      | Reached XP level 6. HP: 10/32 MP: 0/14
  2394 | D:4      | Noticed Pikel
  2394 | D:4      | Noticed a slave
  2394 | D:4      | Noticed a slave
  2395 | D:4      | Noticed a slave
  2397 | D:4      | Noticed a slave
  2402 | D:3      | Killed a slave
  2407 | D:3      | Killed a slave
  2558 | D:4      | Killed a slave
  2760 | D:4      | Killed Pikel
  2760 | D:4      | Reached skill level 5 in Spellcasting
  2760 | D:4      | Reached skill level 6 in Fire Magic
  2760 | D:4      | Reached XP level 7. HP: 36/36 MP: 4/17
  2932 | D:5      | Entered Level 5 of the Dungeon
  2947 | D:5      | Found Taliov's Armour Boutique.
  2980 | D:5      | Noticed OneStupidFool's ghost (novice DsEn)
  3085 | D:5      | Reached skill level 7 in Fire Magic
  3177 | D:5      | Found a runed translucent door.
  3192 | D:5      | Reached skill level 1 in Evocations
  3221 | D:5      | Reached XP level 8. HP: 41/41 MP: 7/19
  3520 | D:6      | Noticed Blork the orc
  3526 | D:6      | Killed Blork the orc
  3559 | D:6      | Noticed Eustachio
  3573 | D:6      | Killed Eustachio
  3678 | D:6      | Reached skill level 8 in Fire Magic
  3850 | D:6      | Found a hazy altar of Hepliaklqana.
  3964 | D:6      | Learned a level 5 spell: Fireball
  4437 | D:7      | Reached XP level 9. HP: 35/45 MP: 3/21
  4642 | D:7      | Found a staircase to the Ecumenical Temple.
  4659 | Temple   | Entered the Ecumenical Temple
  4691 | Temple   | Became a worshipper of Vehumet
  4952 | D:8      | Reached skill level 9 in Fire Magic
  5161 | D:8      | Noticed a two-headed ogre
  5166 | D:8      | Killed a two-headed ogre
  5193 | D:8      | Reached * piety under Vehumet
  5193 | D:8      | Offered knowledge of Sting by Vehumet.
  5204 | D:8      | Noticed a two-headed ogre
  5272 | D:8      | Killed a two-headed ogre
  5272 | D:8      | Reached skill level 10 in Fire Magic
  5272 | D:8      | Reached XP level 10. HP: 50/50 MP: 2/24
  5812 | D:9      | Noticed a two-headed ogre
  5826 | D:9      | Killed a two-headed ogre
  5826 | D:9      | Reached skill level 10 in Conjurations
  5890 | D:9      | Found a large runed translucent door.
  5890 | D:9      | Found a large runed translucent door.
  6080 | D:9      | Noticed Grum
  6100 | D:9      | Reached skill level 5 in Evocations
  6105 | D:9      | Killed Grum
  6335 | D:9      | Reached skill level 11 in Fire Magic
  6345 | D:9      | Found a large runed translucent door.
  6345 | D:9      | Found a large runed translucent door.
  6346 | D:9      | Noticed a two-headed ogre
  6385 | D:9      | Killed a two-headed ogre
  6413 | D:9      | Reached ** piety under Vehumet
  6413 | D:9      | Offered knowledge of Throw Frost by Vehumet.
  6424 | D:9      | Learned a level 2 spell: Throw Frost
  6440 | D:9      | Found a staircase to the Orcish Mines.
  6794 | D:10     | Entered Level 10 of the Dungeon
  6794 | D:10     | Found Comuaxt's Antique Armour Shop.
  6882 | D:10     | Reached XP level 11. HP: 30/54 MP: 12/26
  7035 | D:10     | Noticed a two-headed ogre
  7058 | D:10     | Offered knowledge of Ignite Poison by Vehumet.
  7132 | D:10     | Reached skill level 1 in Fighting
  7302 | D:10     | Reached *** piety under Vehumet
  7336 | D:10     | Learned a level 1 spell: Magic Dart
  7339 | D:10     | Learned a level 2 spell: Blink
  7406 | D:10     | Found a staircase to the Lair.
  7414 | D:10     | Killed a two-headed ogre
  7414 | D:10     | Reached skill level 1 in Armour
  7414 | D:10     | Reached skill level 10 in Spellcasting
  7489 | D:10     | Found an ancient bone altar of Kikubaaqudgha.
  8041 | D:11     | Reached skill level 5 in Dodging
  8041 | D:11     | Reached skill level 12 in Fire Magic
  8050 | D:10     | Learned a level 3 spell: Mephitic Cloud
  8226 | D:11     | Killed from afar by a manticore

Levels and vault maps discovered:
D:1:      matt_arrival_grand_opening, layout_basic
D:2:      minmay_evil_eye, layout_loops_ring, chequers_ecumenical_altar_simple
D:3:      layout_loops_cross
D:4:      layout_rooms, first_ration, uniq_pikel
D:5:      layout_basic, hellmonk_ghost_happy_afterlife, serial_shops,
          nicolae_shop_stone, dk_rats_in_the_wall
D:6:      layout_cave_pods, lemuel_coloured_pillars_altar, minmay_misc_feat_x,
          grunt_ministairs_2, uniq_blork_the_orc, uniq_eustachio
D:7:      layout_cave_pools, minmay_temple_entry_offerings
D:8:      layout_basic
D:9:      layout_loops_cross, orc_0_dummy, blue_anna_alchemist
          [blue_anna_fruit_fields, blue_anna_fruit_fields],
          minmay_hollow_rounded_squares, uniq_grum
D:10:     layout_cave_pools, erik_lair_orcish_takeover, serial_shops, shop,
          lemuel_hellish_altar
D:11:     layout_rooms
Temple:   regret_index_temple_sigil_plot

Skill      XL: |  1  2  3  4  5  6  7  8  9 10 11 |
---------------+----------------------------------+-----
Conjurations   | 2 3 4 6 8 9 11 | 11.7
Fire Magic     | 4 5 6 7 8 10 11 12 | 12.0
Spellcasting   | 4 5 6 7 8 9 10 | 10.3
Evocations     | 1 2 4 5 6 |  6.1
Dodging        | 5 |  5.1
Stealth        | 3 |  3.0
Fighting       | 2 |  2.0
Armour         | 2 |  2.0

Action                   |  1- 3 |  4- 6 |  7- 9 | 10-12 || total
-------------------------+-------+-------+-------+-------++-------
Melee: Short sword       |    14 |    13 |     2 |       ||    29
       Rapier            |       |       |     8 |       ||     8
       Long sword        |       |       |    18 |    31 ||    49
 Cast: Flame Tongue      |    70 |    98 |   121 |    88 ||   377
       Conjure Flame     |     1 |     1 |     9 |     6 ||    17
       Sticky Flame      |       |     6 |    14 |    26 ||    46
       Fireball          |       |       |     8 |    40 ||    48
       Magic Dart        |       |       |       |    76 ||    76
       Mephitic Cloud    |       |       |       |     1 ||     1
Evoke: Wand              |       |       |    10 |    13 ||    23
  Use: Scroll            |       |    10 |       |     3 ||    13
 Stab: Sleeping          |     4 |     2 |       |       ||     6
       Confused          |       |       |       |     1 ||     1
  Eat: Chunk             |       |     6 |     8 |    13 ||    27
       Ration            |       |       |     1 |     1 ||     2
Armor: Robe              |     8 |     3 |    20 |    13 ||    44
       Troll leather arm |       |       |       |    14 ||    14
Dodge: Dodged            |    43 |    44 |    42 |    73 ||   202
       Rpst.: Long sword |       |       |     8 |    19 ||    27

Table legend:
 A = Non-vault XP
 B = Vault XP
 C = Vault XP percentage of total XP
 D = Non-vault monster count
 E = Vault monster count
 F = Vault count percentage of total count
                 A         B        C        D         E       F
            +---------+---------+-------+---------+---------+-------
      Total |   12897 |    4494 |  25.8 |     226 |      39 |  14.7
            +---------+---------+-------+---------+---------+-------
        D:1 |      45 |       0 |   0.0 |      24 |       0 |   0.0
        D:2 |     260 |      15 |   5.5 |      40 |       3 |   7.0
        D:3 |      82 |       0 |   0.0 |      19 |       0 |   0.0
        D:4 |     149 |     607 |  80.3 |       8 |       1 |  11.1
        D:5 |     515 |       0 |   0.0 |      15 |       0 |   0.0
        D:6 |     408 |     387 |  48.7 |      12 |       7 |  36.8
        D:7 |     624 |       0 |   0.0 |      21 |       0 |   0.0
        D:8 |    2883 |       0 |   0.0 |      36 |       0 |   0.0
        D:9 |    2956 |    1595 |  35.0 |      17 |      14 |  45.2
       D:10 |    3226 |    1890 |  36.9 |      26 |      14 |  35.0
       D:11 |    1749 |       0 |   0.0 |       8 |       0 |   0.0
            +---------+---------+-------+---------+---------+-------
